 Dungeon Crawl Stone Soup version 0.28-a0-1235-g7c8fac35f0 (webtiles) character file.

Game seed: 9631769628359607256

242 losyanya the Magician (level 5, -8/28 HPs)
             Began as a Deep Elf Ice Elementalist on Dec 25, 2021.
             Killed by divine providence
             ... invoked by an orc priest
              (15 damage)
             ... on level 4 of the Dungeon.
             The game lasted 00:29:26 (3691 turns).

losyanya the Magician (Deep Elf Ice Elementalist)   Turns: 3691, Time: 00:29:29

Health: -8/28      AC:  3    Str:  5    XL:     5   Next: 82%
Magic:  15/15      EV: 12    Int: 22    God:
Gold:   114        SH:  0    Dex: 15    Spells: 9/16 levels left

rFire   . . .      SeeInvis +   b - +0 dagger
rCold   . . .      Faith    .   (no shield)
rNeg    . . .      Spirit   .   a - +0 robe
rPois   .          Reflect  .   l - +0 helmet
rElec   .          Harm     .   (no cloak)
rCorr   .          Rampage  .   (no gloves)
Will    .....                   (no boots)
Stlth   +.........              (no amulet)
HPRegen 0.09/turn               c - ring of see invisible
MPRegen 0.14/turn               (no ring)

@: very slow
A: no striking features
a: no special abilities


You were on level 4 of the Dungeon.
You visited 1 branch of the dungeon, and saw 4 of its levels.

You collected 114 gold pieces.

Inventory:

Hand Weapons
 b - a +0 dagger (weapon)
 q - a +0 flail
Missiles
 d - 85 stones
 e - 33 bolts
 k - 107 arrows
 s - 10 poisoned darts (quivered)
 u - 23 sling bullets
Armour
 a - a +0 robe (worn)
 l - a +0 helmet (worn)
Jewellery
 c - a ring of see invisible (left hand)
 v - an amulet of faith
Wands
 x - a wand of iceblast (7)
Scrolls
 g - a scroll of vulnerability
 h - a scroll of teleportation {unknown}
 i - a scroll of identify
 j - a scroll of enchant weapon {unknown}
 n - a scroll of blinking {unknown}
 o - 2 scrolls of fog {unknown}
 w - a scroll of amnesia {unknown}
Potions
 m - 3 potions of curing
 p - a potion of heal wounds {unknown}
 r - a potion of cancellation {unknown}
 t - a potion of lignification {unknown}


   Skills:
 + Level 0.1 Fighting
 + Level 1.9 Throwing
 + Level 2.4 Dodging
 + Level 2.6 Stealth
 + Level 6.0 Spellcasting
 + Level 5.8 Ice Magic


You had 9 spell levels left.
You knew the following spells:

 Your Spells              Type           Power      Damage    Failure   Level
a - Freeze                Ice            100%       1d11      1%          1
b - Frozen Ramparts       Ice            64%        1d8       2%          3
c - Ozocubu's Armour      Ice            32%        N/A       2%          3

Your spell library contained the following spells:

 Spells                   Type           Power      Damage    Failure   Level
 Hailstorm                Conj/Ice       19%        3d6       26%         4


Dungeon Overview and Level Annotations

Branches:
Dungeon (4/15)
 Temple: D:4-7

Altars:
Uskayaw

Shops:
D:1 =

Annotations:
D:4 1 transporter


Message History

You start resting.
The shadow imp laughs crazily.
Magic restored.
s - 7 poisoned darts (gained 1)
s - 8 poisoned darts (gained 1)
There is a stone staircase leading up here.
s - 9 poisoned darts (gained 1)
s - 10 poisoned darts (gained 1)
The shadow imp shouts, "Turn tail, thou shaky doghearted gonus!"
The orc priest shouts!
There is a transporter here.
You enter the transporter and appear at another place.
x - a wand of iceblast (7)
There are no items here.
You open the door.
The orc priest begins to cast a cantrip, but forgets the words!
There is an open door here.
The orc priest looks encouraged for a moment.
The shadow imp gestures at you.
You struggle to resist.
As you read the scroll of holy word, it crumbles to dust.
You speak a Word of immense power!
The shadow imp convulses!
You kill the shadow imp!
The shadow imp convulses!
You kill the shadow imp!
The shadow imp convulses!
You kill the shadow imp!
The orc priest calls down the wrath of Beogh upon you.
Pain shoots through your body!
Your Spellcasting skill increases to level 6!
You enter the shallow water.
Moving in this stuff is going to be slow.
Unknown command.
The orc priest invokes the aid of Beogh against you.
Beogh smites you!
* * * LOW HITPOINT WARNING * * *
The orc priest invokes the aid of Beogh against you.
Beogh smites you!
Ouch! That really hurt!
You die...

#...####.####.#.#.# #.#
##...##............# #.#
..........#####.#.###.#
#..####...####.#.....##########
##..##..........................
#......###############.#########
#..<...#8P#$......#≈8#.....
##....#.#P.#≈≈≈≈≈≈≈#.P#...##
....#...#..#..≈≈@..#.$#...#
##.##..©#©.'..≈♣≈..+$©#©..#
#.###..#..#..≈≈≈).#.$#..## #.#
##.#P.#≈≈≈≈≈≈≈#.P#.## #.#
#.#8P#..oo...#≈8#. #..
#.###############. ###
#.................
###########.....#. #####.#


You could see 2 orc priests.

Vanquished Creatures
  An ogre (D:4)
  A hound (D:4)
  A jelly (D:4)
  An adder (D:4)
  3 shadow imps (D:4)
  An adder skeleton (D:4)
  3 worms
  3 dart slugs
  3 orcs
  3 endoplasms
  3 giant cockroaches
  5 goblins
  3 hobgoblins (D:1)
  2 quokkas (D:1)
  7 ball pythons
  7 bats
  2 frilled lizards (D:1)
  6 kobolds
  2 rats (D:1)
57 creatures vanquished.

Notes
Turn   | Place    | Note
-------+----------+-------------------------------------------
     0 | D:1      | losyanya the Deep Elf Ice Elementalist began the quest for
                  | the Orb.
     0 | D:1      | Reached XP level 1. HP: 10/10 MP: 6/6
   346 | D:1      | Reached XP level 2. HP: 14/15 MP: 2/8
   698 | D:1      | Reached skill level 5 in Ice Magic
   779 | D:1      | Found Waokludio's Jewellery Shop.
  1024 | D:1      | Reached XP level 3. HP: 19/19 MP: 7/10
  1060 | D:1      | Learned a level 3 spell: Frozen Ramparts
  1064 | D:1      | Learned a level 3 spell: Ozocubu's Armour
  2219 | D:3      | Reached skill level 1 in Throwing
  2849 | D:4      | Reached skill level 4 in Spellcasting
  2849 | D:4      | Reached XP level 4. HP: 19/24 MP: 7/12
  2918 | D:4      | Noticed a +0 hand axe
  2919 | D:4      | Noticed a +0 hand axe
  2924 | D:4      | Found a hide-covered altar of Uskayaw.
  3238 | D:4      | Noticed an ogre
  3244 | D:4      | Killed an ogre
  3245 | D:4      | Reached skill level 5 in Spellcasting
  3245 | D:4      | Reached XP level 5. HP: 28/28 MP: 10/15
  3585 | D:4      | Found a transporter.
  3605 | D:4      | Found a transporter.
  3688 | D:4      | Reached skill level 6 in Spellcasting
  3691 | D:4      | Killed from afar by an orc priest

Illustrated notes

Levels and vault maps discovered:
D:1:      evilmike_arrival_plus, layout_rooms, serial_shops, shop,
          minmay_misc_feat_more_columns, supply_closet_lemuel,
          minmay_octomino_e4
D:2:      layout_loops_ring
D:3:      layout_basic, shapermc_ecumenical_altar_pompeii, serial_shops,
          nicolae_shop_behind_doors, eino_tiny_chamber,
          nicolae_elevator_lobby_asterisk
D:4:      gammafunk_wand_slinger, layout_loops_ring, dancing_weapons_uskayaw,
          gammafunk_temple_overflow_elements, minmay_vboxes

Skill      XL: |  1  2  3  4  5 |
---------------+----------------+-----
Ice Magic      | 5 |  5.8
Throwing       | 1 |  1.9
Spellcasting   | 4 5 6 |  6.0
Fighting       | |  0.1
Dodging        | |  2.4
Stealth        | |  2.6

Action                   |  1- 3 |  4- 6 || total
-------------------------+-------+-------++-------
Throw: Stone             |    90 |     7 ||    97
       Dart              |       |    20 ||    20
       Throwing net      |       |     1 ||     1
 Cast: Freeze            |    68 |    31 ||    99
       Frozen Ramparts   |       |     1 ||     1
  Use: Scroll            |     2 |     1 ||     3
Armor: Robe              |    10 |     2 ||    12
Dodge: Dodged            |    26 |    14 ||    40

Table legend: (Time is in decaauts)
 A = Elapsed time spent in this place.
 B = Non-inter-level travel time spent in this place.
 C = Inter-level travel time spent in this place.
 D = Time resting spent in this place.
 E = Time spent auto-exploring this place.
 F = Levels seen in this place.
 G = Mean time per level.
                   A        B        C        D        E       F      G
               +--------+--------+--------+--------+--------+-----+--------+
         Total |   3697 |   3693 |      4 |   1478 |   1114 |   4 |  924.2 |
       Dungeon |   3697 |   3693 |      4 |   1478 |   1114 |   4 |  924.2 |
               +--------+--------+--------+--------+--------+-----+--------+

Top non-repeatable levels by time:
     D:1: 1302 daAuts
     D:2: 915 daAuts
     D:4: 877 daAuts
     D:3: 602 daAuts
